 Dungeon Crawl Stone Soup version 0.29-a0-330-g52719c12eb (webtiles) character file.

Game seed: 8578643110206177998

1057 HoaS the Quickloader (level 7, 0/53 HPs)
             Began as a Demigod Hunter on May 26, 2022.
             Slain by Duvessa
             ... wielding a +0 short sword
              (2 damage)
             ... on level 6 of the Dungeon.
             The game lasted 00:14:58 (3945 turns).

HoaS the Quickloader (Demigod Hunter)               Turns: 3945, Time: 00:14:58

Health: 0/53       AC:  7    Str: 12    XL:     7   Next: 77%
Magic:  9/9        EV: 11    Int: 11    God:
Gold:   78         SH:  0    Dex: 25    Spells: 6/6 levels left

rFire   . . .      SeeInvis .   a - +1 hand crossbow
rCold   . . .      Faith    .   (no shield)
rNeg    . . .      Spirit   .   f - +0 ring mail
rPois   .          Reflect  .   u - +0 helmet
rElec   .          Harm     .   k - +0 cloak
rCorr   +          Rampage  .   (no gloves)
Will    .....                   (no boots)
Stlth   ++........              (no amulet)
HPRegen 0.17/turn               l - +4 ring of slaying
MPRegen 0.11/turn               r - ring of resist corrosion

@: mighty
A: high MP 1, forlorn, divine attributes
a: no special abilities


You were on level 6 of the Dungeon.
You visited 1 branch of the dungeon, and saw 6 of its levels.

You collected 213 gold pieces.
You spent 135 gold pieces at shops.

Inventory:

Hand Weapons
 a - a +1 hand crossbow (weapon)
Armour
 f - a +0 ring mail (worn)
 k - a +0 cloak (worn)
 u - a +0 helmet (worn)
Jewellery
 g - a ring of see invisible
 l - a +4 ring of slaying (left hand)
 r - a ring of resist corrosion (right hand)
Wands
 d - a wand of mindburst (14)
 m - a wand of iceblast (10)
 n - a wand of digging (5)
Scrolls
 c - a scroll of immolation
 e - 3 scrolls of teleportation
Potions
 b - 2 potions of lignification
 h - a potion of invisibility
 j - a potion of curing
 q - a potion of mutation
 s - a potion of flight {unknown}


   Skills:
 - Level 1.7 Fighting
 + Level 9.4 Crossbows
 - Level 1.7 Dodging
 - Level 0.8 Stealth


You had 6 spell levels left.
You didn't know any spells.
Your spell library contained the following spells:

 Spells                   Type           Power      Damage    Failure   Level
 Magic Dart               Conj           0%         1d3       63%         1
 Call Imp                 Summ           0%         N/A       77%         2
 Mephitic Cloud           Conj/Pois/Air  0%         N/A       94%         3
 Olgreb's Toxic Radiance  Pois           0%         N/A       100%        4
 Ozocubu's Refrigeration  Ice            0%         4d5       100%        7
 Ignition                 Fire           0%         3d3       100%        8


Dungeon Overview and Level Annotations

Branches:
Dungeon (6/15)
 Temple: D:4-7

Shops:
D:5 [

Annotations:
D:6 Duvessa


Innate Abilities, Weirdness & Mutations

You have an increased reservoir of magic. (+10% MP)
You shall have no god before yourself.
Your divine heritage dramatically boosts your attributes as you level up.


Message History

You shoot a bolt. The bolt barely misses Duvessa.
Duvessa hits you with a +0 short sword.
Shoot: a) +1 hand crossbow
Press: ? - help, Q - select action, (/) - cycle Shift-Dir - straight line, f/p - Duvessa
Aim: Duvessa, wielding a +0 short sword and wearing a +0 leather armour (lightly wounded, berserk, 75% to hit)
You shoot a bolt.
The bolt hits Duvessa but does no damage.
Duvessa is lightly wounded.
Duvessa hits you with a +0 short sword! Duvessa hits you but does no damage.
Shoot: a) +1 hand crossbow
Press: ? - help, Q - select action, (/) - cycle Shift-Dir - straight line, f/p - Duvessa
Aim: Duvessa, wielding a +0 short sword and wearing a +0 leather armour (lightly wounded, berserk, 75% to hit)
You shoot a bolt. The bolt hits Duvessa!
Duvessa is moderately wounded.
Duvessa hits you with a +0 short sword. x2
* * * LOW HITPOINT WARNING * * *
Shoot: a) +1 hand crossbow
Press: ? - help, Q - select action, (/) - cycle Shift-Dir - straight line, f/p - Duvessa
Aim: Duvessa, wielding a +0 short sword and wearing a +0 leather armour (moderately wounded, berserk, 75% to hit)
You shoot a bolt. The bolt hits Duvessa.
Duvessa is moderately wounded.
Duvessa hits you with a +0 short sword.
* * * LOW HITPOINT WARNING * * *
Shoot: a) +1 hand crossbow
Press: ? - help, Q - select action, (/) - cycle Shift-Dir - straight line, f/p - Duvessa
Aim: Duvessa, wielding a +0 short sword and wearing a +0 leather armour (moderately wounded, berserk, 75% to hit)
You shoot a bolt. The bolt hits Duvessa.
Duvessa is heavily wounded.
Duvessa hits you with a +0 short sword.
* * * LOW HITPOINT WARNING * * *
Duvessa closely misses you.
Shoot: a) +1 hand crossbow
Press: ? - help, Q - select action, (/) - cycle Shift-Dir - straight line, f/p - Duvessa
Aim: Duvessa, wielding a +0 short sword and wearing a +0 leather armour (heavily wounded, berserk, 75% to hit)
You shoot a bolt. The bolt hits Duvessa!
Duvessa is heavily wounded.
Duvessa hits you with a +0 short sword.
* * * LOW HITPOINT WARNING * * *
Duvessa hits you with a +0 short sword.
You die...

........#...#
#.....
.......[###.###
#..... ).......#
... .......
##.##...###.###
###.....
#..#.......# #.....
#......#### #.....
###...##
#....#######
#......#.@.#
########..#....e.##
..........##.....#
.................#
..........##..####
#.........##...#
#.........##.#.##
#.........##....#
#.........#######


You could see Duvessa (berserk).

Vanquished Creatures
  Eustachio (D:4)
  An ogre (D:5)
  A centaur (D:5)
  A phantom (D:4)
  A necrophage (D:6)
  A scorpion (D:4)
  Dowan (D:6)
  2 howler monkeys (D:5)
  2 jellies
  An orc priest (D:5)
  An iguana (D:5)
  2 orc wizards (D:4)
  8 gnolls
  7 adders
  2 ufetubi
  5 worms
  5 dart slugs
  18 orcs
  7 ball pythons
  4 endoplasms
  3 giant cockroaches
  7 goblins
  6 hobgoblins
  3 jackals
  8 kobolds
  6 quokkas
  5 bats
  A frilled lizard (D:3)
  7 rats
117 creatures vanquished.

Notes
Turn   | Place    | Note
-------+----------+-------------------------------------------
     0 | D:1      | HoaS the Demigod Hunter began the quest for the Orb.
     0 | D:1      | Reached XP level 1. HP: 17/17 MP: 3/3
    45 | D:1      | Reached skill level 4 in Crossbows
    45 | D:1      | Reached XP level 2. HP: 20/24 MP: 4/4
   414 | D:1      | Reached XP level 3. HP: 29/29 MP: 5/5
   483 | D:1      | You fall into a shaft and drop 1 floor!
   688 | D:2      | Reached skill level 5 in Crossbows
   845 | D:2      | Identified the +6 rapier "Wyfamaas" {freeze, rCorr}
   850 | D:2      | Reached XP level 4. HP: 36/36 MP: 6/6
  2044 | D:4      | Reached skill level 6 in Crossbows
  2044 | D:4      | Reached XP level 5. HP: 21/41 MP: 7/7
  2485 | D:4      | Reached skill level 7 in Crossbows
  2485 | D:4      | Reached XP level 6. HP: 23/48 MP: 8/8
  2696 | D:4      | Noticed Eustachio
  2712 | D:4      | Killed Eustachio
  2830 | D:5      | Entered Level 5 of the Dungeon
  2871 | D:5      | Reached skill level 8 in Crossbows
  3042 | D:5      | Reached XP level 7. HP: 52/53 MP: 9/9
  3092 | D:5      | Reached skill level 9 in Crossbows
  3535 | D:5      | Found Uqiwof's Antique Armour Shop.
  3539 | D:5      | Bought a helmet for 135 gold pieces
  3877 | D:6      | Noticed Dowan
  3881 | D:6      | Killed Dowan
  3934 | D:6      | Noticed Duvessa
  3945 | D:6      | HP: 2/53 [Duvessa/+0 short sword (6)]
  3945 | D:6      | Slain by Duvessa

Illustrated notes

Levels and vault maps discovered:
D:1:      evilmike_arrival_hilbert_curve, layout_basic,
          hellmonk_ecumenical_altar_run_dry
D:2:      layout_loops_cross, kennysheep_pointless_box, minmay_tromino_i2
D:3:      layout_rooms
D:4:      layout_cave_pools, grunt_temple_overflow_open, uniq_eustachio
D:5:      layout_rooms, nemelex_xobeh_ov_fountains_minmay, serial_shops,
          nicolae_shop_trees
D:6:      layout_rooms, temple_doors_e, minmay_hollow_rounded_squares,
          uniq_duvessa, uniq_grinder

Skill      XL: |  1  2  3  4  5  6  7 |
---------------+----------------------+-----
Crossbows      | 4 5 6 7 8 9 |  9.4
Fighting       | |  1.7
Dodging        | |  1.7
Stealth        | |  0.8

Action                   |  1- 3 |  4- 6 |  7- 9 || total
-------------------------+-------+-------+-------++-------
 Fire: Hand crossbow     |    92 |   195 |    66 ||   353
  Use: Scroll            |     2 |     6 |     4 ||    12
       Potion            |       |     2 |     4 ||     6
Armor: Leather armour    |     5 |       |       ||     5
       Ring mail         |     1 |    38 |    16 ||    55
Dodge: Dodged            |    16 |    48 |    26 ||    90

Table legend: (Time is in decaauts)
 A = Elapsed time spent in this place.
 B = Non-inter-level travel time spent in this place.
 C = Inter-level travel time spent in this place.
 D = Time resting spent in this place.
 E = Time spent auto-exploring this place.
 F = Levels seen in this place.
 G = Mean time per level.
                   A        B        C        D        E       F      G
               +--------+--------+--------+--------+--------+-----+--------+
         Total |   4046 |   3944 |    102 |   1120 |   1974 |   6 |  674.3 |
       Dungeon |   4046 |   3944 |    102 |   1120 |   1974 |   6 |  674.3 |
               +--------+--------+--------+--------+--------+-----+--------+

Top non-repeatable levels by time:
     D:4: 992 daAuts
     D:5: 855 daAuts
     D:2: 748 daAuts
     D:3: 676 daAuts
     D:1: 498 daAuts
     D:6: 274 daAuts
